 Dungeon Crawl Stone Soup version 0.14.1-26-g5a19342 (webtiles) character file.

68 Kae the Sneak (level 2, -2/13 HPs)
             Began as a Spriggan Enchanter on July 31, 2014.
             Slain by an adder (5 damage)
             ... on Level 2 of the Dungeon.
             The game lasted 00:00:51 (1130 turns).

Kae the Sneak (Spriggan Enchanter)                  Turns: 1130, Time: 00:00:51

HP  -2/13        AC  3     Str  4      XL: 2   Next: 89%
MP   4/8         EV 18     Int 16      God:
Gold 42          SH  0     Dex 16      Spells:  2 memorised,  4 levels left

rFire  . . .     SeeInvis +     a - +1 dagger
rCold  . . .     Clarity  .     b - +1 robe
rNeg   . . .     Conserve .     (shield restricted)
rPois  .         rCorr    .     (helmet restricted)
rElec  .         rRot     .     (no cloak)
SustAb . .       Spirit   .     (gloves unavailable)
rMut   .         Warding  .     (boots unavailable)
Saprov . . .     Stasis   .     (no amulet)
MR     .....                    (no ring)
                                (no ring)

@: very slightly contaminated, very quick, not resistant to hostile
enchantments, quite stealthy
A: unfitting armour, see invisible, herbivore 3, speed 3, slow metabolism 2
a: no special abilities


You were on level 2 of the Dungeon.
You were not hungry.

You visited 1 branch of the dungeon, and saw 2 of its levels.

You collected 42 gold pieces.

Inventory:

Hand weapons
 a - a +1,+1 dagger (weapon)
Missiles
 d - 10 darts (quivered)
Armour
 b - a +1 robe (worn)
Comestibles
 j - a choko
Scrolls
 f - a scroll of magic mapping {unknown}
 g - 4 scrolls of identify {unknown}
 k - 3 scrolls of remove curse {unknown}
 o - a scroll of enchant weapon I {unknown}
Potions
 e - a potion of porridge
 h - 2 potions of curing {unknown}
 i - a potion of cure mutation {unknown}
 l - a potion of haste {unknown}
 m - a potion of agility {unknown}
 n - a potion of confusion {unknown}
Books
 c - a book of Maledictions

   Spells                             Type                      Level
   *Corona                            Hexes                        1
   Sure Blade                         Hexes/Charms                 2
   *Ensorcelled Hibernation           Hexes/Ice                    2
   Confuse                            Hexes                        3
   Enslavement                        Hexes                        4
   Invisibility                       Hexes                        6
 p - a book of Changes

   Spells                             Type                      Level
   Beastly Appendage                  Transmutation                1
   Sticks to Snakes                   Transmutation                2
   Spider Form                        Transmutation/Poison         3
   Ice Form                           Ice/Transmutation            4
   Blade Hands                        Transmutation                5


   Skills:
 * Level 1.5 Short Blades
 - Level 1.1 Throwing
 + Level 3.2 Dodging
 * Level 4.1 Stealth
 + Level 3.1 Spellcasting
 + Level 3.8 Hexes


You had 4 spell levels left.
You knew the following spells:

 Your Spells              Type           Power        Failure   Level  Hunger
a - Corona                Hex            ##.....      4%          1    #......
b - Ensorcelled Hibernat  Hex/Ice        #.....       14%         2    ##.....


Dungeon Overview and Level Annotations

Branches:
Dungeon (2/15)

Altars:


Innate Abilities, Weirdness & Mutations

You are tiny and cannot use many weapons and most armour.
You have supernaturally acute eyesight.
You are a herbivore.
You cover ground extremely quickly.
You need consume almost no food.


Message History

You are too injured to fight recklessly!
You are too injured to fight recklessly!
You are too injured to fight recklessly!
You are too injured to fight recklessly!
Casting: Corona
Confirm with . or Enter, or press ? or * to list all spells.
Aiming: Ensorcelled Hibernation
Press: ? - help, Shift-Dir - straight line, f - adder
Aim: an adder You miscast Ensorcelled Hibernation.
You are very lightly contaminated with residual magic.
Your hands feel numb with cold.
The adder closely misses you. The adder misses you.
Casting: Ensorcelled Hibernation
Confirm with . or Enter, or press ? or * to list all spells.
Aiming: Ensorcelled Hibernation
Press: ? - help, Shift-Dir - straight line, f/p - adder
Aim: an adder The adder resists.
The adder bites you.
You die...

#... #.## #.# #######
#####.# #.....# #.....#
#.....#### #.....#
#........ #.....#
######.....#######.....##
.......S@..!......(......
######.....#######.....##
#.....# #.....#
....!..... .........
######.#### #...%.....
..# #......... ####
##########


You could see an adder.

Vanquished Creatures
  A giant gecko (D:1)
  3 goblins (D:1)
  3 hobgoblins (D:1)
  4 jackals
  A bat (D:1)
  5 giant cockroaches
  A giant newt (D:2)
  A kobold (D:1)
  4 rats
23 creatures vanquished.

Notes
Turn   | Place    | Note
--------------------------------------------------------------
     0 | D:1      | Kae, the Spriggan Enchanter, began the quest for the Orb.
     0 | D:1      | Reached XP level 1. HP: 9/9 MP: 4/4
   488 | D:1      | Reached XP level 2. HP: 11/13 MP: 6/8
   638 | D:1      | Learned a level 2 spell: Ensorcelled Hibernation
   961 | D:2      | Reached skill level 4 in Stealth
  1130 | D:2      | Slain by an adder

Action                   || total
-------------------------++-------
Melee: Dagger            ||   131
Throw: Dart              ||     6
 Cast: Ensorcelled Hiber ||     1
       Corona            ||     1
 Stab: Sleeping          ||     1
